[ PARTIDA AOE2 · #474114036 ]
UnrankedBorgoñones vs Cumans
Equipo del jugador · DERR
[ ANÁLISIS DE REPETICIÓN · EXTRAÍDO DE LA PARTIDA GRABADA ]
Feudal
10:08
Castillos
18:15
Imperial
32:58
| APM promedio | 38.0 |
| APM pico | 112 |
| eAPM promedio | 16.3 |
| Aldeanos / militares | 111 / 69 |
Foco
⚔️ 20.7% · 🌾 79.3%
Knight ×69
Feudal
9:05
Castillos
20:56
Imperial
25:38
| APM promedio | 56.9 |
| APM pico | 122 |
| eAPM promedio | 30.2 |
| Aldeanos / militares | 122 / 77 |
Foco
⚔️ 27.7% · 🌾 72.3%
Kipchak ×69 · Mangonel ×5 · Trebuchet (Packed) ×3
Feudal
10:32
Castillos
19:19
Imperial
29:16
| APM promedio | 42.5 |
| APM pico | 101 |
| eAPM promedio | 24.6 |
| Aldeanos / militares | 173 / 53 |
Foco
⚔️ 45.6% · 🌾 54.4%
Scorpion ×44 · Bombard Cannon ×8 · Mangonel ×1
Feudal
9:01
Castillos
21:20
Imperial
—
| APM promedio | 55.4 |
| APM pico | 109 |
| eAPM promedio | 32.2 |
| Aldeanos / militares | 192 / 188 |
Foco
⚔️ 43.2% · 🌾 56.8%
Huskarl ×146 · Militia ×39 · Mangonel ×2 · Battering Ram ×1
Feudal
10:59
Castillos
14:34
Imperial
—
| APM promedio | 42.9 |
| APM pico | 78 |
| eAPM promedio | 27.1 |
| Aldeanos / militares | 142 / 140 |
Foco
⚔️ 45.7% · 🌾 54.3%
Spearman ×79 · Scorpion ×30 · Armored Elephant ×29 · Mangonel ×2
Feudal
10:58
Castillos
14:33
Imperial
28:52
| APM promedio | 66.4 |
| APM pico | 125 |
| eAPM promedio | 39.9 |
| Aldeanos / militares | 151 / 172 |
Foco
⚔️ 58.3% · 🌾 41.7%
Archer ×158 · Scorpion ×9 · Trebuchet (Packed) ×4 · Skirmisher ×1
Feudal
—
Castillos
—
Imperial
—
| APM promedio | 39.3 |
| APM pico | 90 |
| eAPM promedio | 17.1 |
| Aldeanos / militares | 118 / 82 |
Foco
⚔️ 36.0% · 🌾 64.0%
Genitour ×62 · Camel Archer ×18 · Mangonel ×2
Feudal
13:08
Castillos
16:40
Imperial
20:43
| APM promedio | 27.5 |
| APM pico | 60 |
| eAPM promedio | 15.0 |
| Aldeanos / militares | 72 / 59 |
Foco
⚔️ 48.7% · 🌾 51.3%
Cataphract ×57 · Monk ×2
Mapa de la partida
Recursos iniciales + cada clic de construcción. Líneas = muros · curvas = relieve. ◆ oro · ⬟ piedra · ● bayas · ✦ reliquia · ◌ hueco del cierre
Inputs por minuto
— s - - Lauth3
Build order — s
Primeras 150 de 271 acciones detectadas
| 0:02 | Crear | Villager (Male) |
| 0:02 | Crear | Villager (Male) |
| 0:02 | Crear | Villager (Male) |
| 0:03 | Construir | House |
| 0:05 | Construir | House |
| 0:09 | Crear | Villager (Male) |
| 0:09 | Crear | Villager (Male) |
| 1:35 | Crear | Villager (Male) |
| 1:35 | Crear | Villager (Male) |
| 2:05 | Crear | Villager (Male) |
| 2:06 | Crear | Villager (Male) |
| 2:06 | Crear | Villager (Male) |
| 2:28 | Crear | Villager (Male) |
| 2:48 | Construir | Lumber Camp |
| 2:57 | Crear | Villager (Male) |
| 3:01 | Crear | Villager (Male) |
| 3:32 | Construir | House |
| 3:43 | Crear | Villager (Male) |
| 4:32 | Crear | Villager (Male) |
| 4:46 | Investigar | Double-Bit Axe |
| 5:03 | Crear | Villager (Male) |
| 5:03 | Crear | Villager (Male) |
| 5:03 | Crear | Villager (Male) |
| 5:04 | Crear | Villager (Male) |
| 5:04 | Crear | Villager (Male) |
| 5:19 | Crear | Villager (Male) |
| 5:46 | Construir | Mill |
| 5:55 | Crear | Villager (Male) |
| 6:00 | Construir | House |
| 6:13 | Crear | Villager (Male) |
| 6:23 | Construir | House |
| 7:01 | Crear | Villager (Male) |
| 7:23 | Construir | House |
| 7:36 | Construir | Mining Camp |
| 7:51 | Investigar | Feudal Age |
| 8:18 | Construir | Lumber Camp |
| 8:19 | Investigar | Gold Mining |
| 9:46 | Crear | Villager (Male) |
| 9:46 | Crear | Villager (Male) |
| 10:01 | Construir | Barracks |
| 10:08 | Edad | Edad Feudal |
| 10:10 | Crear | Villager (Male) |
| 10:13 | Investigar | Bow Saw |
| 10:56 | Investigar | Horse Collar |
| 11:00 | Construir | House |
| 11:03 | Construir | House |
| 11:18 | Crear | Villager (Male) |
| 11:18 | Crear | Villager (Male) |
| 11:20 | Construir | Farm |
| 11:26 | Crear | Villager (Male) |
| 11:47 | Construir | Farm |
| 12:08 | Construir | Stable |
| 12:12 | Crear | Villager (Male) |
| 12:33 | Construir | Farm |
| 12:39 | Construir | Farm |
| 12:40 | Crear | Villager (Male) |
| 12:44 | Construir | Farm |
| 12:55 | Construir | Farm |
| 12:58 | Construir | Farm |
| 13:12 | Construir | Farm |
| 13:22 | Crear | Villager (Male) |
| 13:25 | Construir | Farm |
| 13:32 | Crear | Villager (Male) |
| 13:40 | Construir | Farm |
| 13:42 | Construir | Farm |
| 13:47 | Construir | Farm |
| 14:01 | Construir | Farm |
| 14:13 | Crear | Villager (Male) |
| 14:20 | Construir | Blacksmith |
| 14:43 | Crear | Villager (Male) |
| 14:45 | Construir | House |
| 14:49 | Construir | Farm |
| 14:52 | Construir | Farm |
| 15:01 | Construir | Lumber Camp |
| 15:06 | Construir | Farm |
| 15:08 | Crear | Villager (Male) |
| 15:12 | Construir | House |
| 15:13 | Construir | House |
| 15:35 | Investigar | Castle Age |
| 15:35 | Investigar | Castle Age |
| 15:38 | Construir | Farm |
| 16:26 | Investigar | Scale Barding Armor |
| 16:39 | Construir | Mill |
| 16:40 | Construir | Farm |
| 16:45 | Investigar | Heavy Plow |
| 17:13 | Construir | Farm |
| 17:25 | Construir | Farm |
| 17:28 | Construir | Farm |
| 17:33 | Construir | Farm |
| 17:37 | Construir | Farm |
| 17:49 | Construir | Stable |
| 18:07 | Investigar | Forging |
| 18:14 | Investigar | Wheelbarrow |
| 18:15 | Edad | Edad de los Castillos |
| 18:17 | Crear | Knight |
| 18:24 | Crear | Villager (Male) |
| 18:30 | Construir | Farm |
| 18:35 | Construir | Farm |
| 18:43 | Crear | Knight |
| 18:50 | Crear | Knight |
| 18:50 | Crear | Knight |
| 18:57 | Construir | Stable |
| 19:11 | Crear | Villager (Male) |
| 19:12 | Crear | Villager (Male) |
| 19:17 | Crear | Knight |
| 19:18 | Crear | Knight |
| 19:42 | Investigar | Cavalier (upgrade) |
| 19:52 | Investigar | Husbandry |
| 19:54 | Crear | Knight |
| 19:57 | Crear | Villager (Male) |
| 20:50 | Crear | Knight |
| 20:51 | Crear | Knight |
| 20:53 | Crear | Villager (Male) |
| 20:53 | Crear | Villager (Male) |
| 20:53 | Crear | Villager (Male) |
| 20:59 | Crear | Villager (Male) |
| 21:04 | Construir | Town Center |
| 21:32 | Crear | Knight |
| 21:33 | Crear | Knight |
| 21:33 | Crear | Knight |
| 21:35 | Crear | Villager (Male) |
| 21:36 | Crear | Villager (Male) |
| 21:36 | Crear | Villager (Male) |
| 21:36 | Crear | Villager (Male) |
| 21:55 | Crear | Villager (Male) |
| 21:55 | Crear | Villager (Male) |
| 21:55 | Crear | Villager (Male) |
| 22:54 | Crear | Knight |
| 22:54 | Crear | Knight |
| 22:54 | Crear | Knight |
| 22:54 | Crear | Knight |
| 23:02 | Crear | Villager (Male) |
| 23:02 | Crear | Villager (Male) |
| 23:06 | Crear | Villager (Male) |
| 23:26 | Crear | Villager (Male) |
| 23:29 | Crear | Villager (Male) |
| 23:33 | Construir | Town Center |
| 23:37 | Crear | Villager (Male) |
| 24:04 | Crear | Villager (Male) |
| 24:12 | Crear | Knight ×5 |
| 24:18 | Crear | Villager (Male) |
| 24:20 | Construir | House |
| 24:21 | Construir | House |
| 24:21 | Construir | House |
| 24:44 | Crear | Villager (Male) |
| 24:44 | Crear | Villager (Male) |
| 24:49 | Construir | House |
| 24:50 | Construir | House |
| 25:20 | Crear | Villager (Male) |
| 25:20 | Crear | Villager (Male) |
Build order — Lauth3
Primeras 150 de 326 acciones detectadas
| 0:01 | Crear | Villager (Male) |
| 0:01 | Crear | Villager (Male) |
| 0:04 | Construir | House |
| 0:06 | Crear | Villager (Male) |
| 0:06 | Crear | Villager (Male) |
| 0:09 | Construir | House |
| 1:36 | Crear | Villager (Male) |
| 1:37 | Crear | Villager (Male) |
| 2:00 | Crear | Villager (Male) |
| 2:00 | Crear | Villager (Male) |
| 2:12 | Construir | Lumber Camp |
| 2:18 | Crear | Villager (Male) |
| 2:19 | Crear | Villager (Male) |
| 2:40 | Crear | Villager (Male) |
| 2:57 | Crear | Villager (Male) |
| 2:57 | Crear | Villager (Male) |
| 3:37 | Crear | Villager (Male) |
| 3:37 | Crear | Villager (Male) |
| 3:45 | Construir | House |
| 3:49 | Crear | Villager (Male) |
| 3:49 | Crear | Villager (Male) |
| 4:23 | Crear | Villager (Male) |
| 4:23 | Crear | Villager (Male) |
| 4:24 | Crear | Villager (Male) |
| 4:49 | Construir | Mill |
| 5:53 | Crear | Villager (Male) |
| 6:20 | Crear | Villager (Male) |
| 6:55 | Investigar | Feudal Age |
| 6:55 | Investigar | Feudal Age |
| 7:16 | Construir | House |
| 8:56 | Crear | Villager (Male) |
| 8:57 | Crear | Villager (Male) |
| 9:05 | Edad | Edad Feudal |
| 9:06 | Construir | Town Center |
| 9:08 | Crear | Villager (Male) |
| 9:09 | Crear | Villager (Male) |
| 9:10 | Investigar | Horse Collar |
| 9:18 | Investigar | Double-Bit Axe |
| 9:18 | Investigar | Double-Bit Axe |
| 9:36 | Crear | Villager (Male) |
| 9:52 | Crear | Villager (Male) |
| 10:17 | Construir | House |
| 10:32 | Crear | Villager (Male) |
| 10:37 | Construir | House |
| 10:42 | Construir | Farm |
| 10:43 | Construir | Farm |
| 10:44 | Construir | Farm |
| 11:05 | Crear | Villager (Male) |
| 11:07 | Crear | Villager (Male) |
| 11:07 | Crear | Villager (Male) |
| 11:13 | Crear | Villager (Male) |
| 11:13 | Crear | Villager (Male) |
| 11:17 | Construir | Farm |
| 11:21 | Construir | Farm |
| 11:26 | Crear | Villager (Male) |
| 11:26 | Crear | Villager (Male) |
| 11:36 | Construir | Farm |
| 11:47 | Crear | Villager (Male) |
| 11:47 | Crear | Villager (Male) |
| 11:47 | Crear | Villager (Male) |
| 11:50 | Construir | Farm |
| 11:58 | Construir | Farm |
| 12:16 | Crear | Villager (Male) |
| 12:18 | Construir | Farm |
| 12:22 | Construir | Farm |
| 12:24 | Crear | Villager (Male) |
| 12:24 | Crear | Villager (Male) |
| 12:42 | Crear | Villager (Male) |
| 12:44 | Construir | Farm |
| 12:45 | Construir | Farm |
| 12:46 | Construir | Farm |
| 12:58 | Crear | Villager (Male) |
| 13:02 | Construir | House |
| 13:04 | Construir | House |
| 13:06 | Crear | Villager (Male) |
| 13:06 | Crear | Villager (Male) |
| 13:09 | Construir | Farm |
| 13:10 | Construir | Farm |
| 13:14 | Crear | Villager (Male) |
| 13:14 | Crear | Villager (Male) |
| 13:34 | Crear | Villager (Male) |
| 13:35 | Crear | Villager (Male) |
| 13:41 | Crear | Villager (Male) |
| 13:44 | Construir | Farm |
| 13:45 | Construir | Farm |
| 13:57 | Crear | Villager (Male) |
| 14:11 | Crear | Villager (Male) |
| 14:15 | Construir | Farm |
| 14:16 | Construir | Farm |
| 14:16 | Construir | Farm |
| 14:18 | Crear | Villager (Male) |
| 14:20 | Crear | Villager (Male) |
| 14:20 | Crear | Villager (Male) |
| 14:36 | Crear | Villager (Male) |
| 14:36 | Crear | Villager (Male) |
| 14:40 | Construir | Farm |
| 14:47 | Construir | House |
| 14:47 | Construir | House |
| 14:50 | Crear | Villager (Male) |
| 14:50 | Crear | Villager (Male) |
| 14:57 | Construir | Farm |
| 14:57 | Construir | Farm |
| 14:59 | Construir | Farm |
| 14:59 | Construir | Farm |
| 15:00 | Construir | Farm |
| 15:07 | Crear | Villager (Male) |
| 15:11 | Construir | House |
| 15:13 | Crear | Villager (Male) |
| 15:13 | Crear | Villager (Male) |
| 15:24 | Crear | Villager (Male) |
| 15:34 | Crear | Villager (Male) |
| 15:40 | Crear | Villager (Male) |
| 15:41 | Crear | Villager (Male) |
| 15:47 | Construir | Mining Camp |
| 15:50 | Crear | Villager (Male) |
| 16:03 | Construir | Farm |
| 16:07 | Construir | Farm |
| 16:13 | Crear | Villager (Male) |
| 16:23 | Construir | Market |
| 16:25 | Crear | Villager (Male) |
| 16:56 | Construir | Blacksmith |
| 17:16 | Investigar | Loom |
| 17:47 | Construir | Farm |
| 17:57 | Crear | Villager (Male) |
| 17:58 | Crear | Villager (Male) |
| 18:06 | Construir | Palisade Wall |
| 18:16 | Investigar | Castle Age |
| 18:16 | Investigar | Castle Age |
| 18:19 | Crear | Villager (Male) |
| 18:25 | Investigar | Wheelbarrow |
| 19:39 | Crear | Villager (Male) |
| 19:39 | Crear | Villager (Male) |
| 20:08 | Construir | House |
| 20:12 | Crear | Villager (Male) |
| 20:23 | Construir | Mining Camp |
| 20:39 | Construir | House |
| 20:56 | Edad | Edad de los Castillos |
| 21:02 | Construir | Castle |
| 21:06 | Construir | House |
| 21:10 | Construir | Palisade Gate |
| 21:14 | Construir | Palisade Wall |
| 21:18 | Construir | Palisade Wall |
| 21:36 | Investigar | Fletching |
| 21:36 | Investigar | Fletching |
| 21:38 | Crear | Villager (Male) |
| 21:38 | Crear | Villager (Male) |
| 21:49 | Crear | Villager (Male) |
| 21:51 | Crear | Villager (Male) |
| 21:52 | Investigar | Gold Mining |
| 21:52 | Investigar | Gold Mining |
Build order — FMG | Esteban
Primeras 150 de 335 acciones detectadas
| 0:02 | Crear | Villager (Male) |
| 0:02 | Crear | Villager (Male) |
| 0:03 | Crear | Villager (Male) |
| 0:03 | Crear | Villager (Male) |
| 0:04 | Construir | House |
| 0:05 | Construir | House |
| 1:13 | Crear | Villager (Male) |
| 1:13 | Crear | Villager (Male) |
| 1:59 | Construir | Lumber Camp |
| 2:04 | Crear | Villager (Male) |
| 2:04 | Crear | Villager (Male) |
| 2:24 | Crear | Villager (Male) |
| 2:24 | Crear | Villager (Male) |
| 2:50 | Crear | Villager (Male) |
| 2:59 | Crear | Villager (Male) |
| 3:25 | Construir | House |
| 3:34 | Crear | Villager (Male) ×2 |
| 3:35 | Crear | Villager (Male) |
| 4:20 | Crear | Villager (Male) ×2 |
| 4:20 | Crear | Villager (Male) |
| 4:42 | Construir | House |
| 4:43 | Construir | House |
| 4:57 | Crear | Villager (Male) |
| 4:58 | Crear | Villager (Male) ×3 |
| 4:58 | Crear | Villager (Male) |
| 5:12 | Construir | Mill |
| 6:40 | Crear | Villager (Male) ×4 |
| 6:40 | Crear | Villager (Male) |
| 6:59 | Crear | Villager (Male) |
| 7:00 | Crear | Villager (Male) |
| 7:22 | Crear | Villager (Male) |
| 7:32 | Crear | Villager (Male) |
| 7:32 | Crear | Villager (Male) |
| 7:33 | Crear | Villager (Male) |
| 7:35 | Crear | Villager (Male) |
| 7:35 | Crear | Villager (Male) |
| 7:36 | Construir | Mining Camp |
| 7:39 | Crear | Villager (Male) |
| 7:40 | Crear | Villager (Male) |
| 7:40 | Crear | Villager (Male) |
| 8:14 | Crear | Villager (Male) |
| 8:14 | Crear | Villager (Male) |
| 8:21 | Investigar | Feudal Age |
| 8:21 | Investigar | Feudal Age |
| 9:20 | Construir | Palisade Wall |
| 9:24 | Construir | Palisade Wall |
| 9:25 | Investigar | Loom |
| 9:49 | Crear | Villager (Male) |
| 10:00 | Construir | House |
| 10:02 | Construir | House |
| 10:04 | Construir | House |
| 10:08 | Construir | House |
| 10:11 | Construir | House |
| 10:12 | Crear | Villager (Male) |
| 10:27 | Construir | House |
| 10:32 | Edad | Edad Feudal |
| 10:36 | Construir | Market |
| 11:16 | Crear | Villager (Male) |
| 11:17 | Crear | Villager (Male) |
| 11:26 | Crear | Villager (Male) |
| 11:29 | Construir | Mining Camp |
| 11:33 | Construir | Watch Tower |
| 11:38 | Crear | Villager (Male) |
| 11:52 | Crear | Villager (Male) |
| 11:59 | Construir | Blacksmith |
| 12:23 | Construir | Farm |
| 12:28 | Crear | Villager (Male) |
| 12:42 | Construir | Farm |
| 12:55 | Crear | Villager (Male) |
| 12:58 | Construir | House |
| 13:04 | Construir | House |
| 13:06 | Crear | Villager (Male) |
| 13:09 | Crear | Villager (Male) |
| 13:11 | Investigar | Fletching |
| 13:12 | Crear | Villager (Male) |
| 13:40 | Crear | Villager (Male) |
| 13:40 | Crear | Villager (Male) |
| 13:48 | Crear | Villager (Male) |
| 13:54 | Crear | Villager (Male) |
| 13:54 | Crear | Villager (Male) |
| 13:54 | Crear | Villager (Male) |
| 14:29 | Construir | Farm |
| 14:30 | Construir | Farm |
| 14:37 | Crear | Villager (Male) |
| 14:37 | Crear | Villager (Male) |
| 14:38 | Crear | Villager (Male) |
| 15:00 | Crear | Villager (Male) |
| 15:00 | Crear | Villager (Male) |
| 15:47 | Construir | Farm |
| 15:51 | Construir | Farm |
| 15:52 | Construir | Farm |
| 15:53 | Construir | Farm |
| 16:14 | Crear | Villager (Male) |
| 16:30 | Construir | Farm |
| 16:30 | Construir | Farm |
| 16:39 | Investigar | Castle Age |
| 16:39 | Investigar | Castle Age |
| 17:01 | Construir | Farm |
| 17:09 | Crear | Villager (Male) |
| 17:33 | Construir | Farm |
| 17:37 | Crear | Villager (Male) |
| 18:25 | Crear | Villager (Male) |
| 19:18 | Crear | Villager (Male) |
| 19:19 | Edad | Edad de los Castillos |
| 19:27 | Construir | Town Center |
| 19:54 | Investigar | Bodkin Arrow |
| 20:00 | Construir | Town Center |
| 20:06 | Crear | Villager (Male) |
| 20:27 | Crear | Villager (Male) |
| 20:37 | Crear | Villager (Male) |
| 20:47 | Crear | Villager (Male) |
| 21:23 | Crear | Villager (Male) |
| 21:43 | Crear | Villager (Male) |
| 21:43 | Crear | Villager (Male) |
| 21:43 | Crear | Villager (Male) |
| 21:43 | Crear | Villager (Male) |
| 21:44 | Crear | Villager (Male) |
| 21:50 | Construir | Siege Workshop |
| 22:09 | Construir | Castle |
| 22:14 | Crear | Villager (Male) |
| 22:23 | Crear | Mangonel |
| 22:28 | Crear | Villager (Male) |
| 22:36 | Construir | Farm |
| 22:36 | Construir | Farm |
| 22:39 | Crear | Villager (Male) |
| 22:39 | Crear | Villager (Male) |
| 23:17 | Construir | Farm |
| 23:18 | Construir | Farm |
| 23:18 | Construir | Farm |
| 23:18 | Construir | Farm |
| 23:18 | Construir | Farm |
| 23:41 | Construir | Mining Camp |
| 23:46 | Construir | Palisade Wall |
| 24:46 | Crear | Villager (Male) |
| 25:54 | Crear | Villager (Male) |
| 25:55 | Crear | Villager (Male) |
| 25:55 | Crear | Villager (Male) |
| 26:06 | Investigar | Imperial Age |
| 26:07 | Investigar | Imperial Age |
| 26:13 | Construir | University |
| 26:15 | Crear | Scorpion |
| 26:15 | Crear | Scorpion |
| 26:16 | Crear | Scorpion |
| 26:16 | Crear | Scorpion |
| 26:17 | Crear | Villager (Male) |
| 26:18 | Crear | Villager (Male) |
| 26:37 | Crear | Villager (Male) |
| 26:37 | Crear | Villager (Male) |
| 26:39 | Crear | Villager (Male) |
| 26:54 | Crear | Scorpion |
Build order — Hisoka
Primeras 150 de 451 acciones detectadas
| 0:00 | Crear | Villager (Male) |
| 0:01 | Crear | Villager (Male) |
| 0:01 | Crear | Villager (Male) |
| 0:02 | Construir | House |
| 0:03 | Construir | House |
| 0:07 | Crear | Villager (Male) |
| 0:07 | Crear | Villager (Male) |
| 1:31 | Crear | Villager (Male) |
| 1:31 | Crear | Villager (Male) |
| 1:31 | Crear | Villager (Male) |
| 1:52 | Construir | Lumber Camp |
| 2:00 | Crear | Villager (Male) |
| 2:00 | Crear | Villager (Male) |
| 2:15 | Investigar | Loom |
| 2:21 | Crear | Villager (Male) |
| 2:21 | Crear | Villager (Male) |
| 2:42 | Crear | Villager (Male) |
| 2:43 | Crear | Villager (Male) |
| 3:11 | Crear | Villager (Male) |
| 3:11 | Crear | Villager (Male) |
| 3:32 | Crear | Villager (Male) |
| 3:32 | Crear | Villager (Male) |
| 3:42 | Construir | House |
| 3:42 | Construir | House |
| 4:28 | Crear | Villager (Male) |
| 4:58 | Crear | Villager (Male) |
| 4:58 | Crear | Villager (Male) |
| 5:14 | Construir | Mill |
| 5:19 | Crear | Villager (Male) |
| 5:20 | Crear | Villager (Male) |
| 5:20 | Crear | Villager (Male) |
| 5:56 | Crear | Villager (Male) |
| 6:37 | Construir | Barracks |
| 6:51 | Investigar | Feudal Age |
| 7:34 | Construir | Mining Camp |
| 7:37 | Construir | House |
| 7:41 | Crear | Militia |
| 7:41 | Crear | Militia |
| 8:31 | Crear | Villager (Male) |
| 8:37 | Crear | Militia |
| 8:43 | Construir | Mining Camp |
| 8:57 | Crear | Villager (Male) |
| 9:01 | Edad | Edad Feudal |
| 9:25 | Construir | Watch Tower |
| 9:26 | Crear | Villager (Male) |
| 9:35 | Investigar | Double-Bit Axe |
| 9:35 | Investigar | Double-Bit Axe |
| 9:39 | Construir | House |
| 9:52 | Construir | Watch Tower |
| 9:55 | Crear | Villager (Male) |
| 9:55 | Crear | Villager (Male) |
| 10:00 | Construir | House |
| 10:14 | Crear | Villager (Male) |
| 10:14 | Crear | Villager (Male) |
| 11:13 | Crear | Villager (Male) |
| 11:14 | Crear | Villager (Male) |
| 11:14 | Crear | Villager (Male) |
| 11:14 | Crear | Villager (Male) |
| 11:26 | Construir | Watch Tower |
| 11:37 | Crear | Villager (Male) |
| 11:37 | Crear | Villager (Male) |
| 11:42 | Investigar | Man-at-Arms (upgrade) |
| 11:42 | Investigar | Man-at-Arms (upgrade) |
| 11:57 | Crear | Villager (Male) |
| 11:57 | Crear | Villager (Male) |
| 12:27 | Investigar | Horse Collar |
| 12:27 | Investigar | Horse Collar |
| 12:31 | Crear | Villager (Male) |
| 12:31 | Crear | Villager (Male) |
| 12:31 | Crear | Villager (Male) |
| 12:35 | Construir | Farm |
| 12:38 | Construir | Farm |
| 13:01 | Construir | Farm |
| 13:02 | Crear | Villager (Male) |
| 13:02 | Crear | Villager (Male) |
| 13:02 | Crear | Villager (Male) |
| 13:04 | Construir | Farm |
| 13:37 | Crear | Villager (Male) |
| 13:37 | Crear | Villager (Male) |
| 13:37 | Crear | Villager (Male) |
| 13:44 | Construir | Farm |
| 13:45 | Construir | Farm |
| 13:56 | Crear | Villager (Male) |
| 13:56 | Crear | Villager (Male) |
| 13:56 | Crear | Villager (Male) |
| 14:19 | Crear | Villager (Male) |
| 14:20 | Crear | Villager (Male) |
| 14:25 | Construir | Farm |
| 14:27 | Construir | House |
| 14:38 | Crear | Villager (Male) |
| 14:38 | Crear | Villager (Male) |
| 14:58 | Crear | Villager (Male) |
| 14:58 | Crear | Villager (Male) |
| 15:06 | Construir | Market |
| 15:36 | Crear | Villager (Male) |
| 15:48 | Crear | Villager (Male) |
| 15:53 | Construir | Blacksmith |
| 16:11 | Crear | Villager (Male) |
| 16:14 | Construir | House |
| 16:15 | Construir | House |
| 16:21 | Construir | Farm |
| 16:22 | Construir | Farm |
| 16:25 | Construir | Farm |
| 16:40 | Crear | Villager (Male) |
| 17:08 | Crear | Villager (Male) |
| 17:24 | Crear | Villager (Male) |
| 17:30 | Construir | Farm |
| 17:30 | Construir | Farm |
| 18:11 | Crear | Villager (Male) |
| 18:25 | Crear | Villager (Male) |
| 18:40 | Investigar | Castle Age |
| 18:40 | Investigar | Castle Age |
| 20:07 | Crear | Villager (Male) |
| 21:20 | Edad | Edad de los Castillos |
| 21:24 | Construir | Palisade Wall |
| 21:27 | Construir | House |
| 21:33 | Construir | Town Center |
| 21:41 | Crear | Militia |
| 21:41 | Crear | Militia |
| 21:41 | Crear | Militia |
| 21:44 | Crear | Villager (Male) |
| 21:46 | Construir | Barracks |
| 21:54 | Construir | Town Center |
| 21:55 | Investigar | Bow Saw |
| 21:55 | Investigar | Bow Saw |
| 21:58 | Investigar | Long Swordsman (upgrade) |
| 22:05 | Crear | Villager (Male) |
| 22:29 | Crear | Villager (Male) |
| 22:29 | Crear | Villager (Male) |
| 22:43 | Crear | Militia ×5 |
| 22:43 | Crear | Militia ×5 |
| 22:47 | Construir | Lumber Camp |
| 22:47 | Crear | Villager (Male) |
| 22:47 | Crear | Villager (Male) |
| 22:52 | Construir | House |
| 23:05 | Construir | Palisade Wall |
| 23:17 | Crear | Villager (Male) |
| 23:17 | Crear | Villager (Male) |
| 23:20 | Construir | Farm |
| 23:22 | Construir | Farm |
| 23:23 | Construir | Farm |
| 23:25 | Crear | Villager (Male) |
| 23:26 | Crear | Villager (Male) |
| 23:48 | Construir | Farm |
| 23:50 | Construir | Farm |
| 23:53 | Construir | House |
| 23:53 | Construir | House |
| 23:54 | Crear | Villager (Male) |
| 23:54 | Crear | Villager (Male) |
| 23:57 | Construir | House |
Build order — Mr Diniz
Primeras 150 de 425 acciones detectadas
| 0:02 | Crear | Villager (Male) |
| 0:02 | Crear | Villager (Male) |
| 0:02 | Crear | Villager (Male) |
| 0:02 | Crear | Villager (Male) |
| 0:03 | Crear | Villager (Male) |
| 0:04 | Construir | House |
| 0:05 | Construir | House |
| 1:25 | Crear | Villager (Male) |
| 1:25 | Crear | Villager (Male) |
| 1:55 | Crear | Villager (Male) |
| 1:55 | Crear | Villager (Male) |
| 2:23 | Crear | Villager (Male) |
| 2:24 | Crear | Villager (Male) |
| 2:59 | Crear | Villager (Male) |
| 2:59 | Crear | Villager (Male) |
| 3:00 | Crear | Villager (Male) |
| 3:00 | Crear | Villager (Male) |
| 3:10 | Construir | Lumber Camp |
| 3:23 | Crear | Villager (Male) |
| 4:08 | Construir | House |
| 4:12 | Crear | Villager (Male) |
| 4:13 | Crear | Villager (Male) |
| 4:13 | Crear | Villager (Male) |
| 4:54 | Construir | Mill |
| 5:10 | Crear | Villager (Male) |
| 5:31 | Crear | Villager (Male) |
| 5:48 | Construir | House |
| 6:07 | Crear | Villager (Male) |
| 6:31 | Construir | Lumber Camp |
| 6:33 | Crear | Villager (Male) |
| 6:44 | Construir | House |
| 6:57 | Crear | Villager (Male) |
| 7:23 | Crear | Villager (Male) |
| 7:47 | Crear | Villager (Male) |
| 8:07 | Construir | Farm |
| 8:10 | Construir | Farm |
| 8:21 | Crear | Villager (Male) |
| 8:33 | Construir | Mining Camp |
| 8:41 | Investigar | Feudal Age |
| 9:51 | Investigar | Loom |
| 9:56 | Crear | Villager (Male) |
| 10:53 | Crear | Villager (Male) |
| 10:59 | Edad | Edad Feudal |
| 11:05 | Construir | Market |
| 11:08 | Construir | Blacksmith |
| 11:54 | Investigar | Castle Age |
| 11:54 | Investigar | Castle Age |
| 11:57 | Construir | House |
| 12:29 | Construir | Barracks |
| 12:36 | Construir | Barracks |
| 12:47 | Investigar | Double-Bit Axe |
| 12:47 | Investigar | Double-Bit Axe |
| 13:11 | Investigar | Horse Collar |
| 13:43 | Construir | Barracks |
| 13:46 | Crear | Spearman |
| 13:46 | Crear | Spearman |
| 13:47 | Crear | Villager (Male) |
| 14:02 | Crear | Villager (Male) |
| 14:11 | Crear | Spearman |
| 14:15 | Construir | Farm |
| 14:16 | Construir | Farm |
| 14:20 | Construir | Farm |
| 14:20 | Construir | Farm |
| 14:23 | Construir | Farm |
| 14:23 | Crear | Villager (Male) |
| 14:34 | Edad | Edad de los Castillos |
| 14:43 | Construir | Town Center |
| 14:48 | Crear | Spearman |
| 15:22 | Crear | Villager (Male) |
| 15:39 | Crear | Villager (Male) |
| 15:43 | Construir | Farm |
| 15:44 | Construir | Farm |
| 15:45 | Construir | Farm |
| 15:46 | Construir | Farm |
| 15:46 | Construir | Farm |
| 15:46 | Construir | Farm |
| 15:54 | Construir | House |
| 16:08 | Crear | Villager (Male) |
| 16:08 | Crear | Villager (Male) |
| 16:08 | Crear | Villager (Male) |
| 16:12 | Construir | Farm |
| 16:17 | Crear | Villager (Male) |
| 16:23 | Construir | House |
| 16:40 | Crear | Villager (Male) |
| 16:40 | Crear | Villager (Male) |
| 16:44 | Construir | Farm |
| 16:53 | Construir | House |
| 16:54 | Investigar | Loom |
| 17:10 | Crear | Villager (Male) |
| 17:10 | Crear | Villager (Male) |
| 17:10 | Crear | Villager (Male) |
| 17:11 | Crear | Villager (Male) |
| 17:14 | Construir | Farm |
| 17:32 | Crear | Villager (Male) |
| 17:32 | Crear | Villager (Male) |
| 17:40 | Investigar | Bow Saw |
| 17:41 | Investigar | Heavy Plow |
| 17:50 | Crear | Spearman |
| 17:51 | Crear | Spearman |
| 18:04 | Crear | Villager (Male) |
| 18:04 | Crear | Villager (Male) |
| 18:15 | Construir | Farm |
| 18:16 | Crear | Villager (Male) |
| 18:17 | Crear | Villager (Male) |
| 18:37 | Construir | Siege Workshop |
| 18:41 | Investigar | Pikeman (upgrade) |
| 18:42 | Crear | Spearman ×2 |
| 18:42 | Crear | Spearman ×2 |
| 18:51 | Crear | Villager (Male) |
| 18:51 | Crear | Villager (Male) |
| 18:53 | Construir | Farm |
| 18:54 | Construir | Farm |
| 18:55 | Construir | Farm |
| 19:09 | Crear | Spearman ×3 |
| 19:09 | Crear | Spearman ×3 |
| 19:31 | Construir | House |
| 19:35 | Crear | Armored Elephant |
| 19:35 | Crear | Armored Elephant |
| 19:38 | Crear | Spearman ×4 |
| 19:38 | Crear | Spearman ×4 |
| 19:44 | Crear | Villager (Male) |
| 19:44 | Crear | Villager (Male) |
| 20:02 | Crear | Spearman ×2 |
| 20:02 | Crear | Spearman ×2 |
| 20:10 | Crear | Armored Elephant |
| 20:13 | Construir | House |
| 20:17 | Crear | Villager (Male) |
| 20:18 | Crear | Villager (Male) |
| 20:18 | Crear | Villager (Male) |
| 20:27 | Construir | House |
| 20:47 | Construir | Barracks |
| 20:55 | Investigar | Scale Mail Armor |
| 20:55 | Investigar | Scale Mail Armor |
| 21:04 | Construir | Monastery |
| 21:08 | Crear | Armored Elephant |
| 21:08 | Crear | Armored Elephant |
| 21:33 | Construir | Siege Workshop |
| 21:34 | Crear | Villager (Male) |
| 21:34 | Crear | Villager (Male) |
| 21:34 | Crear | Villager (Male) |
| 21:35 | Crear | Villager (Male) |
| 21:35 | Crear | Villager (Male) |
| 21:37 | Crear | Scorpion |
| 21:37 | Crear | Scorpion |
| 21:44 | Crear | Villager (Male) |
| 21:44 | Crear | Villager (Male) |
| 22:13 | Crear | Scorpion |
| 22:23 | Crear | Villager (Male) |
| 22:24 | Crear | Villager (Male) |
| 22:24 | Crear | Villager (Male) |
Build order — twitch.tv/Cengo_AoE
Primeras 150 de 481 acciones detectadas
| 0:01 | Crear | Villager (Male) |
| 0:01 | Crear | Villager (Male) |
| 0:03 | Construir | House |
| 0:07 | Construir | House |
| 0:11 | Crear | Villager (Male) |
| 0:13 | Construir | House |
| 0:22 | Crear | Villager (Male) |
| 0:22 | Crear | Villager (Male) |
| 1:26 | Crear | Villager (Male) |
| 1:42 | Construir | Lumber Camp |
| 1:59 | Crear | Villager (Male) |
| 2:28 | Crear | Villager (Male) |
| 2:46 | Crear | Villager (Male) |
| 3:12 | Crear | Villager (Male) |
| 3:31 | Crear | Villager (Male) |
| 3:53 | Construir | Mill |
| 4:01 | Crear | Villager (Male) |
| 4:01 | Crear | Villager (Male) |
| 4:27 | Crear | Villager (Male) |
| 4:27 | Crear | Villager (Male) |
| 5:21 | Crear | Villager (Male) |
| 5:22 | Crear | Villager (Male) |
| 5:29 | Crear | Villager (Male) |
| 5:39 | Construir | House |
| 5:40 | Construir | House |
| 5:44 | Crear | Villager (Male) |
| 6:07 | Crear | Villager (Male) |
| 6:35 | Crear | Villager (Male) |
| 6:46 | Construir | Lumber Camp |
| 6:49 | Construir | House |
| 6:50 | Construir | Palisade Wall |
| 6:51 | Construir | Palisade Wall |
| 6:51 | Construir | Palisade Wall |
| 7:32 | Crear | Villager (Male) |
| 8:03 | Crear | Villager (Male) |
| 8:26 | Construir | Mining Camp |
| 8:37 | Investigar | Feudal Age |
| 10:31 | Construir | Farm |
| 10:33 | Construir | Farm |
| 10:37 | Construir | Farm |
| 10:43 | Crear | Villager (Male) |
| 10:43 | Crear | Villager (Male) |
| 10:58 | Edad | Edad Feudal |
| 11:04 | Construir | Market |
| 11:05 | Construir | Blacksmith |
| 11:53 | Investigar | Castle Age |
| 11:53 | Investigar | Castle Age |
| 12:18 | Investigar | Double-Bit Axe |
| 13:00 | Crear | Villager (Male) |
| 13:00 | Crear | Villager (Male) |
| 13:06 | Construir | House |
| 13:21 | Investigar | Horse Collar |
| 13:21 | Investigar | Horse Collar |
| 14:23 | Crear | Villager (Male) |
| 14:33 | Edad | Edad de los Castillos |
| 14:34 | Crear | Villager (Male) |
| 14:36 | Construir | Town Center |
| 14:39 | Investigar | Bow Saw |
| 14:45 | Crear | Villager (Male) |
| 14:49 | Construir | Mill |
| 14:51 | Crear | Villager (Male) |
| 15:02 | Investigar | Heavy Plow |
| 15:02 | Crear | Villager (Male) |
| 15:12 | Construir | Farm |
| 15:14 | Construir | Farm |
| 15:17 | Construir | Farm |
| 15:25 | Construir | Farm |
| 15:26 | Construir | Farm |
| 15:29 | Construir | Farm |
| 15:30 | Construir | Farm |
| 15:46 | Construir | Farm |
| 15:46 | Crear | Villager (Male) |
| 16:04 | Construir | Town Center |
| 16:05 | Crear | Villager (Male) |
| 16:07 | Construir | Farm |
| 16:12 | Crear | Villager (Male) |
| 16:12 | Crear | Villager (Male) |
| 16:20 | Crear | Villager (Male) |
| 16:21 | Crear | Villager (Male) |
| 16:24 | Construir | House |
| 16:39 | Construir | Siege Workshop |
| 16:43 | Crear | Villager (Male) |
| 16:45 | Crear | Villager (Male) |
| 16:46 | Crear | Villager (Male) |
| 16:52 | Investigar | Wheelbarrow |
| 16:52 | Investigar | Wheelbarrow |
| 16:57 | Crear | Villager (Male) |
| 17:02 | Construir | Farm |
| 17:18 | Construir | Mill |
| 17:19 | Crear | Villager (Male) |
| 17:22 | Crear | Scorpion |
| 17:23 | Crear | Villager (Male) |
| 17:24 | Crear | Villager (Male) |
| 17:37 | Crear | Villager (Male) |
| 17:37 | Crear | Villager (Male) |
| 17:39 | Crear | Villager (Male) |
| 17:50 | Crear | Villager (Male) |
| 17:50 | Crear | Villager (Male) |
| 18:03 | Crear | Villager (Male) |
| 18:03 | Crear | Villager (Male) |
| 18:12 | Construir | Farm |
| 18:15 | Construir | Farm |
| 18:18 | Construir | Farm |
| 18:18 | Construir | Farm |
| 18:21 | Construir | Farm |
| 18:25 | Construir | Farm |
| 18:29 | Crear | Villager (Male) |
| 18:30 | Crear | Villager (Male) |
| 18:35 | Crear | Scorpion |
| 18:35 | Crear | Scorpion |
| 18:37 | Crear | Villager (Male) |
| 18:45 | Crear | Villager (Male) |
| 18:45 | Crear | Villager (Male) |
| 18:49 | Crear | Villager (Male) |
| 18:49 | Crear | Villager (Male) |
| 18:53 | Construir | Farm |
| 18:54 | Crear | Villager (Male) |
| 19:03 | Crear | Villager (Male) |
| 19:11 | Crear | Scorpion |
| 19:12 | Crear | Villager (Male) |
| 19:24 | Investigar | Loom |
| 19:24 | Investigar | Loom |
| 19:28 | Crear | Villager (Male) |
| 19:32 | Investigar | Gold Mining |
| 19:32 | Investigar | Gold Mining |
| 19:32 | Crear | Villager (Male) |
| 19:44 | Crear | Villager (Male) |
| 19:45 | Crear | Villager (Male) |
| 19:49 | Construir | Farm |
| 20:18 | Crear | Villager (Male) |
| 20:33 | Crear | Villager (Male) |
| 20:33 | Crear | Villager (Male) |
| 20:36 | Crear | Villager (Male) |
| 20:38 | Construir | Barracks |
| 20:39 | Crear | Villager (Male) |
| 20:51 | Crear | Villager (Male) |
| 20:51 | Crear | Villager (Male) |
| 20:58 | Crear | Villager (Male) |
| 21:03 | Construir | Barracks |
| 21:05 | Crear | Villager (Male) |
| 21:13 | Crear | Villager (Male) |
| 21:15 | Construir | Stone Wall |
| 21:18 | Construir | Stone Wall |
| 21:20 | Construir | House |
| 21:22 | Construir | House |
| 21:22 | Crear | Scorpion |
| 21:28 | Construir | Palisade Wall |
| 21:33 | Crear | Villager (Male) |
| 21:39 | Crear | Villager (Male) |
| 21:46 | Construir | Market |
Build order — FutureEwe5582
Primeras 150 de 338 acciones detectadas
| 0:01 | Crear | Villager (Male) |
| 0:03 | Construir | House |
| 0:05 | Construir | House |
| 0:10 | Crear | Villager (Male) |
| 0:14 | Crear | Villager (Male) |
| 0:28 | Crear | Villager (Male) |
| 1:33 | Crear | Villager (Male) |
| 2:01 | Crear | Villager (Male) |
| 2:02 | Crear | Villager (Male) |
| 2:16 | Construir | House |
| 2:29 | Construir | Lumber Camp |
| 2:54 | Crear | Villager (Male) |
| 3:16 | Crear | Villager (Male) |
| 3:36 | Crear | Villager (Male) |
| 3:49 | Crear | Villager (Male) |
| 4:21 | Crear | Villager (Male) |
| 4:22 | Crear | Villager (Male) |
| 4:44 | Crear | Villager (Male) |
| 5:14 | Construir | House |
| 5:17 | Crear | Villager (Male) |
| 5:37 | Construir | Mill |
| 5:40 | Crear | Villager (Male) |
| 5:53 | Crear | Villager (Male) |
| 6:17 | Crear | Villager (Male) |
| 6:43 | Crear | Villager (Male) |
| 6:51 | Crear | Villager (Male) |
| 7:16 | Investigar | Loom |
| 7:16 | Investigar | Feudal Age |
| 7:40 | Construir | Mining Camp |
| 8:03 | Construir | House |
| 10:28 | Crear | Villager (Male) |
| 10:35 | Construir | Market |
| 10:38 | Construir | Blacksmith |
| 10:45 | Crear | Villager (Male) |
| 11:23 | Construir | House |
| 11:46 | Investigar | Castle Age |
| 12:59 | Construir | Mining Camp |
| 13:28 | Investigar | Double-Bit Axe |
| 14:04 | Crear | Villager (Male) |
| 14:27 | Construir | Castle |
| 14:40 | Crear | Villager (Male) |
| 14:42 | Investigar | Bow Saw |
| 14:48 | Construir | Farm |
| 14:52 | Construir | Farm |
| 14:55 | Construir | Farm |
| 15:01 | Construir | Farm |
| 15:02 | Construir | Farm |
| 15:16 | Crear | Villager (Male) |
| 15:39 | Construir | Farm |
| 15:44 | Construir | Farm |
| 15:47 | Crear | Camel Archer |
| 15:50 | Crear | Camel Archer |
| 16:02 | Crear | Villager (Male) |
| 16:17 | Crear | Camel Archer |
| 16:21 | Crear | Camel Archer |
| 16:26 | Construir | Farm |
| 16:29 | Crear | Villager (Male) |
| 16:31 | Construir | Farm |
| 17:07 | Investigar | Fletching |
| 17:15 | Crear | Camel Archer |
| 17:19 | Construir | Farm |
| 17:26 | Crear | Villager (Male) |
| 17:44 | Crear | Camel Archer |
| 17:46 | Crear | Villager (Male) |
| 17:56 | Crear | Camel Archer |
| 17:56 | Crear | Villager (Male) |
| 18:20 | Construir | Town Center |
| 18:24 | Crear | Camel Archer |
| 18:24 | Crear | Villager (Male) |
| 18:36 | Construir | Farm |
| 18:50 | Crear | Villager (Male) |
| 18:58 | Crear | Camel Archer |
| 19:11 | Construir | Farm |
| 19:13 | Crear | Villager (Male) |
| 19:28 | Crear | Villager (Male) |
| 19:31 | Construir | Farm |
| 19:45 | Crear | Villager (Male) |
| 19:45 | Crear | Villager (Male) |
| 20:24 | Crear | Camel Archer |
| 20:24 | Crear | Villager (Male) |
| 20:26 | Crear | Villager (Male) |
| 20:52 | Crear | Camel Archer |
| 20:53 | Crear | Villager (Male) |
| 21:02 | Crear | Camel Archer |
| 21:08 | Crear | Villager (Male) |
| 21:21 | Crear | Villager (Male) |
| 21:22 | Crear | Villager (Male) |
| 21:23 | Crear | Camel Archer |
| 21:23 | Crear | Villager (Male) |
| 21:35 | Investigar | Bodkin Arrow |
| 21:49 | Crear | Villager (Male) |
| 22:00 | Crear | Villager (Male) |
| 22:07 | Construir | Farm |
| 22:30 | Crear | Camel Archer |
| 22:30 | Crear | Villager (Male) |
| 22:33 | Investigar | Padded Archer Armor |
| 22:36 | Construir | Farm |
| 22:39 | Construir | Farm |
| 22:40 | Construir | Farm |
| 22:41 | Construir | Farm |
| 22:43 | Construir | House |
| 22:43 | Construir | House |
| 22:47 | Crear | Camel Archer |
| 22:47 | Crear | Villager (Male) |
| 23:06 | Crear | Camel Archer |
| 23:07 | Crear | Villager (Male) |
| 23:11 | Construir | Farm |
| 23:12 | Construir | Farm |
| 23:13 | Construir | Farm |
| 23:14 | Construir | Farm |
| 23:15 | Construir | Farm |
| 23:16 | Construir | Farm |
| 23:22 | Construir | House |
| 23:23 | Construir | House |
| 23:36 | Construir | Castle |
| 23:41 | Crear | Villager (Male) |
| 23:42 | Investigar | Gold Mining |
| 23:43 | Crear | Villager (Male) |
| 23:43 | Crear | Villager (Male) |
| 24:11 | Investigar | Horse Collar |
| 24:12 | Crear | Villager (Male) |
| 24:15 | Construir | Farm |
| 24:45 | Crear | Camel Archer |
| 24:45 | Crear | Villager (Male) |
| 24:52 | Crear | Villager (Male) |
| 24:52 | Crear | Villager (Male) |
| 24:53 | Crear | Villager (Male) |
| 24:53 | Crear | Camel Archer |
| 24:53 | Crear | Villager (Male) |
| 25:20 | Construir | Mining Camp |
| 25:23 | Crear | Villager (Male) |
| 25:23 | Crear | Villager (Male) |
| 25:34 | Crear | Villager (Male) |
| 25:37 | Crear | Villager (Male) |
| 25:54 | Construir | Siege Workshop |
| 25:59 | Crear | Villager (Male) |
| 26:01 | Construir | House |
| 26:02 | Construir | House |
| 26:05 | Crear | Villager (Male) |
| 26:10 | Construir | Mining Camp |
| 26:26 | Construir | Mining Camp |
| 26:39 | Crear | Mangonel |
| 26:44 | Crear | Villager (Male) |
| 26:54 | Investigar | Wheelbarrow |
| 26:55 | Investigar | Town Watch |
| 27:13 | Crear | Mangonel |
| 27:15 | Crear | Villager (Male) |
| 27:15 | Crear | Villager (Male) |
| 27:27 | Investigar | Stone Mining |
| 27:38 | Crear | Villager (Male) |
Build order — bav_tarantula
Primeras 150 de 228 acciones detectadas
| 0:01 | Crear | Villager (Male) |
| 0:01 | Crear | Villager (Male) |
| 0:02 | Crear | Villager (Male) |
| 0:03 | Construir | House |
| 0:06 | Construir | House |
| 0:24 | Crear | Villager (Male) |
| 0:25 | Crear | Villager (Male) |
| 1:29 | Crear | Villager (Male) |
| 1:29 | Crear | Villager (Male) |
| 1:50 | Construir | Lumber Camp |
| 2:01 | Crear | Villager (Male) |
| 2:27 | Crear | Villager (Male) |
| 2:47 | Crear | Villager (Male) |
| 2:47 | Crear | Villager (Male) |
| 3:18 | Crear | Villager (Male) |
| 3:18 | Crear | Villager (Male) |
| 3:30 | Construir | House |
| 3:53 | Crear | Villager (Male) |
| 3:53 | Crear | Villager (Male) |
| 4:09 | Crear | Villager (Male) |
| 4:09 | Crear | Villager (Male) |
| 4:38 | Crear | Villager (Male) |
| 4:38 | Crear | Villager (Male) |
| 4:48 | Construir | Mill |
| 5:07 | Crear | Villager (Male) |
| 5:07 | Crear | Villager (Male) |
| 5:17 | Crear | Villager (Male) |
| 5:18 | Crear | Villager (Male) |
| 5:22 | Construir | House |
| 5:57 | Crear | Villager (Male) |
| 5:57 | Crear | Villager (Male) |
| 6:56 | Crear | Villager (Male) |
| 7:19 | Construir | Mining Camp |
| 7:27 | Crear | Villager (Male) |
| 7:50 | Crear | Villager (Male) |
| 7:56 | Construir | House |
| 8:10 | Construir | Lumber Camp |
| 8:13 | Crear | Villager (Male) |
| 8:16 | Construir | House |
| 8:30 | Crear | Villager (Male) |
| 8:46 | Crear | Villager (Male) |
| 8:56 | Crear | Villager (Male) |
| 9:24 | Construir | Farm |
| 9:25 | Construir | Farm |
| 9:29 | Construir | Farm |
| 9:52 | Crear | Villager (Male) |
| 10:16 | Crear | Villager (Male) |
| 10:36 | Construir | Mining Camp |
| 10:40 | Investigar | Feudal Age |
| 10:58 | Construir | Farm |
| 11:01 | Construir | Farm |
| 11:03 | Construir | Farm |
| 11:08 | Crear | Villager (Male) |
| 11:09 | Crear | Villager (Male) |
| 11:57 | Construir | Farm |
| 12:00 | Construir | Farm |
| 12:03 | Construir | Farm |
| 13:08 | Edad | Edad Feudal |
| 13:11 | Construir | Market |
| 13:12 | Construir | Blacksmith |
| 13:21 | Investigar | Double-Bit Axe |
| 13:21 | Investigar | Double-Bit Axe |
| 14:00 | Investigar | Castle Age |
| 14:03 | Investigar | Horse Collar |
| 14:03 | Investigar | Horse Collar |
| 14:21 | Construir | House |
| 15:37 | Construir | Farm |
| 15:38 | Construir | Farm |
| 15:59 | Crear | Villager (Male) |
| 16:00 | Crear | Villager (Male) |
| 16:40 | Edad | Edad de los Castillos |
| 16:41 | Construir | Monastery |
| 16:43 | Construir | Siege Workshop |
| 17:33 | Investigar | Imperial Age |
| 17:33 | Investigar | Imperial Age |
| 18:46 | Construir | Palisade Wall |
| 18:48 | Construir | Building 804 |
| 18:54 | Construir | Castle |
| 19:08 | Construir | House |
| 19:13 | Construir | Palisade Wall |
| 19:16 | Construir | Palisade Wall |
| 19:18 | Construir | Building 796 |
| 19:29 | Construir | Palisade Gate |
| 20:19 | Construir | Farm |
| 20:25 | Construir | Farm |
| 20:25 | Construir | Farm |
| 20:26 | Construir | Farm |
| 20:27 | Construir | Farm |
| 20:43 | Edad | Edad Imperial |
| 20:53 | Crear | Monk |
| 21:15 | Crear | Villager (Male) |
| 21:18 | Investigar | Loom |
| 21:27 | Construir | Farm |
| 21:28 | Construir | Farm |
| 21:29 | Construir | Farm |
| 22:06 | Crear | Villager (Male) |
| 22:09 | Construir | Farm |
| 22:46 | Investigar | Elite Cataphract (upgrade) |
| 22:47 | Investigar | Elite Cataphract (upgrade) |
| 22:59 | Crear | Villager (Male) |
| 23:00 | Crear | Villager (Male) |
| 23:08 | Construir | Farm |
| 23:13 | Crear | Villager (Male) |
| 23:24 | Crear | Cataphract |
| 23:42 | Crear | Cataphract |
| 23:47 | Construir | Palisade Wall |
| 23:51 | Construir | House |
| 23:53 | Construir | House |
| 23:54 | Construir | House |
| 24:02 | Crear | Monk |
| 24:04 | Crear | Cataphract |
| 24:15 | Crear | Villager (Male) |
| 24:15 | Crear | Villager (Male) |
| 24:26 | Construir | Stone Wall |
| 24:26 | Construir | Stone Wall |
| 24:28 | Construir | Farm |
| 24:28 | Construir | Farm |
| 24:32 | Construir | Stone Wall |
| 24:50 | Crear | Cataphract |
| 24:50 | Crear | Cataphract |
| 25:11 | Crear | Cataphract |
| 25:11 | Crear | Cataphract |
| 25:19 | Construir | Palisade Gate |
| 25:21 | Construir | House |
| 25:23 | Construir | Palisade Wall |
| 26:04 | Crear | Villager (Male) |
| 26:19 | Crear | Cataphract |
| 26:19 | Crear | Cataphract |
| 26:50 | Crear | Villager (Male) |
| 27:08 | Construir | Farm |
| 27:36 | Investigar | Scale Barding Armor |
| 27:52 | Crear | Villager (Male) |
| 27:52 | Crear | Villager (Male) |
| 28:25 | Construir | Farm |
| 28:31 | Crear | Villager (Male) |
| 28:45 | Crear | Cataphract |
| 28:45 | Crear | Cataphract |
| 28:47 | Construir | Farm |
| 29:01 | Investigar | Chain Barding Armor |
| 29:01 | Investigar | Chain Barding Armor |
| 29:11 | Construir | Farm |
| 29:16 | Crear | Cataphract |
| 29:17 | Crear | Cataphract |
| 29:28 | Crear | Cataphract |
| 29:28 | Crear | Cataphract |
| 30:04 | Investigar | Forging |
| 30:04 | Investigar | Forging |
| 30:09 | Crear | Cataphract |
| 30:09 | Crear | Cataphract |
| 30:47 | Crear | Cataphract |
Cronología de la partida
| 6:37 | Hisoka · first_building Barracks |
| 6:50 | twitch.tv/Cengo_AoE · wall_segment Palisade Wall x1 |
| 6:51 | twitch.tv/Cengo_AoE · wall_segment Palisade Wall x1 |
| 6:51 | twitch.tv/Cengo_AoE · wall_segment Palisade Wall x1 |
| 9:01 | Hisoka · age_up feudal |
| 9:05 | Lauth3 · age_up feudal |
| 9:20 | FMG | Esteban · wall_segment Palisade Wall x6 |
| 9:24 | FMG | Esteban · wall_segment Palisade Wall x2 |
| 10:01 | s · first_building Barracks |
| 10:08 | s · age_up feudal |
| 10:32 | FMG | Esteban · age_up feudal |
| 10:58 | twitch.tv/Cengo_AoE · age_up feudal |
| 10:59 | Mr Diniz · age_up feudal |
| 12:08 | s · first_building Stable |
| 12:29 | Mr Diniz · first_building Barracks |
| 13:08 | bav_tarantula · age_up feudal |
| 14:27 | FutureEwe5582 · first_building Castle |
| 14:33 | twitch.tv/Cengo_AoE · age_up castle |
| 14:34 | Mr Diniz · age_up castle |
| 14:38 | twitch.tv/Cengo_AoE · first_market_buy 100 food |
| 15:42 | FMG | Esteban · first_market_buy 100 food |
| 16:34 | twitch.tv/Cengo_AoE · first_market_sell 100 food |
| 16:39 | twitch.tv/Cengo_AoE · first_building Siege Workshop |
| 16:40 | bav_tarantula · age_up castle |
| 16:41 | bav_tarantula · first_building Monastery |
| 16:43 | bav_tarantula · first_building Siege Workshop |
| 16:52 | Hisoka · first_market_buy 100 food |
| 16:53 | Hisoka · first_market_sell 100 stone |
| 18:06 | Lauth3 · wall_segment Palisade Wall x1 |
| 18:11 | bav_tarantula · first_market_sell 100 food |
| 18:12 | bav_tarantula · first_market_buy 100 stone |
| 18:15 | s · age_up castle |
| 18:32 | Mr Diniz · first_market_buy 100 wood |
| 18:37 | Mr Diniz · first_building Siege Workshop |
| 18:46 | bav_tarantula · wall_segment Palisade Wall x4 |
| 18:54 | bav_tarantula · first_building Castle |
| 19:13 | bav_tarantula · wall_segment Palisade Wall x1 |
| 19:16 | bav_tarantula · wall_segment Palisade Wall x4 |
| 19:19 | FMG | Esteban · age_up castle |
| 19:33 | Mr Diniz · first_market_sell 100 stone |
| 20:38 | twitch.tv/Cengo_AoE · first_building Barracks |
| 20:43 | bav_tarantula · age_up imperial |
| 20:56 | Lauth3 · age_up castle |
| 21:02 | Lauth3 · first_building Castle |
| 21:04 | Mr Diniz · first_building Monastery |
| 21:14 | Lauth3 · wall_segment Palisade Wall x2 |
| 21:15 | twitch.tv/Cengo_AoE · wall_segment Stone Wall x1 |
| 21:18 | Lauth3 · wall_segment Palisade Wall x2 |
| 21:18 | twitch.tv/Cengo_AoE · wall_segment Stone Wall x1 |
| 21:20 | Hisoka · age_up castle |
| 21:24 | Hisoka · wall_segment Palisade Wall x1 |
| 21:28 | twitch.tv/Cengo_AoE · wall_segment Palisade Wall x1 |
| 21:34 | FutureEwe5582 · first_market_sell 100 wood |
| 21:50 | FMG | Esteban · first_building Siege Workshop |
| 22:09 | FMG | Esteban · first_building Castle |
| 22:12 | twitch.tv/Cengo_AoE · wall_segment Palisade Wall x1 |
| 22:19 | Lauth3 · first_market_sell 100 food |
| 22:23 | twitch.tv/Cengo_AoE · wall_segment Palisade Wall x1 |
| 22:37 | twitch.tv/Cengo_AoE · first_building Archery Range |
| 23:05 | Hisoka · wall_segment Palisade Wall x1 |
| 23:30 | FutureEwe5582 · first_market_buy 100 stone |
| 23:46 | FMG | Esteban · wall_segment Palisade Wall x1 |
| 23:47 | bav_tarantula · wall_segment Palisade Wall x1 |
| 24:26 | bav_tarantula · wall_segment Stone Wall x1 |
| 24:26 | bav_tarantula · wall_segment Stone Wall x1 |
| 24:32 | bav_tarantula · wall_segment Stone Wall x1 |
| 24:53 | FMG | Esteban · first_market_sell 500 wood |
| 25:00 | twitch.tv/Cengo_AoE · first_building Monastery |
| 25:23 | bav_tarantula · wall_segment Palisade Wall x1 |
| 25:38 | Lauth3 · age_up imperial |
| 25:52 | Hisoka · first_building Siege Workshop |
| 25:54 | FutureEwe5582 · first_building Siege Workshop |
| 26:55 | twitch.tv/Cengo_AoE · first_building Castle |
| 27:28 | Mr Diniz · first_building Archery Range |
| 27:28 | Lauth3 · first_building Barracks |
| 27:52 | Lauth3 · first_building Stable |
| 28:25 | s · first_building Monastery |
| 28:52 | twitch.tv/Cengo_AoE · age_up imperial |
| 29:16 | FMG | Esteban · age_up imperial |
| 30:13 | twitch.tv/Cengo_AoE · wall_segment Stone Wall x1 |
| 30:50 | twitch.tv/Cengo_AoE · wall_segment Stone Wall x1 |
| 30:57 | FutureEwe5582 · first_building Barracks |
| 31:04 | twitch.tv/Cengo_AoE · wall_segment Palisade Wall x3 |
| 31:10 | Lauth3 · first_building Archery Range |
| 31:59 | FutureEwe5582 · first_building Archery Range |
| 32:58 | s · age_up imperial |
| 33:36 | Lauth3 · tribute_sent a jugador 1 |
| 33:36 | Lauth3 · tribute_sent a jugador 3 |
| 33:36 | Lauth3 · tribute_sent a jugador 4 |
| 33:36 | Lauth3 · tribute_sent a jugador 5 |
| 33:36 | Lauth3 · tribute_sent a jugador 6 |
| 33:36 | Lauth3 · tribute_sent a jugador 7 |
| 33:36 | Lauth3 · tribute_sent a jugador 8 |
| 33:45 | Hisoka · first_building Castle |
| 34:33 | Lauth3 · first_building Siege Workshop |
| 35:59 | bav_tarantula · tribute_sent a jugador 1 |
| 35:59 | bav_tarantula · tribute_sent a jugador 2 |
| 35:59 | bav_tarantula · tribute_sent a jugador 3 |
| 35:59 | bav_tarantula · tribute_sent a jugador 4 |
| 35:59 | bav_tarantula · tribute_sent a jugador 5 |
| 35:59 | bav_tarantula · tribute_sent a jugador 6 |
| 35:59 | bav_tarantula · tribute_sent a jugador 7 |
| 36:16 | s · first_building Castle |
| 36:51 | twitch.tv/Cengo_AoE · wall_segment Stone Wall x1 |
| 36:52 | twitch.tv/Cengo_AoE · wall_segment Stone Wall x1 |
| 36:59 | FutureEwe5582 · wall_segment Stone Wall x11 |
| 37:26 | FutureEwe5582 · wall_segment Stone Wall x12 |
| 38:18 | Mr Diniz · resign |
[ ANÁLISIS IA · 1 CRÉDITO ]
¿Qué pasó realmente en esta partida?
Wolo.gg analiza cada decisión: build order, eco, micro, errores típicos por bracket. Análisis personalizado por WhatsApp o Discord en 30 segundos.
Guía civ
Borgoñones
Perfil
Jugador #19905099